 Dungeon Crawl Stone Soup version 0.29.1-15-g9cfb28693d (webtiles) character file.

Game seed: 3662948874448269380

518 kingofthe the Conjurer (level 7, 0/36 HPs)
             Began as a Deep Elf Conjurer on Mar 4, 2023.
             Succumbed to a scorpion's poison
             ... on level 4 of the Dungeon.
             The game lasted 00:14:43 (5008 turns).

kingofthe the Conjurer (Deep Elf Conjurer)          Turns: 5008, Time: 00:14:44

Health: 0/36       AC:  3    Str:  4    XL:     7   Next: 1%
Magic:  2/16       EV: 14    Int: 23    God:
Gold:   122        SH:  0    Dex: 15    Spells: 4/15 levels left

rFire   . . .      SeeInvis .   (no weapon)
rCold   . . .      Faith    .   (no shield)
rNeg    . . .      Spirit   .   a - +0 robe
rPois   .          Reflect  .   (no helmet)
rElec   .          Harm     .   (no cloak)
rCorr   +          Rampage  .   (no gloves)
Will    .....                   e - +0 pair of boots
Stlth   +++.......              (no amulet)
HPRegen 0.12/turn               Z - ring of wizardry
MPRegen 0.15/turn               R - ring of resist corrosion

@: lethally poisoned (0 -> -5)
A: no striking features
a: no special abilities


You were on level 4 of the Dungeon.
You visited 1 branch of the dungeon, and saw 5 of its levels.

You collected 122 gold pieces.


   Skills:
 * Level 4.7 Dodging
 + Level 4.4 Stealth
 + Level 4.7 Spellcasting
 * Level 6.0 Conjurations
 * Level 3.5 Fire Magic


You had 4 spell levels left.
You knew the following spells:

 Your Spells              Type           Power      Damage    Failure   Level
a - Magic Dart            Conj           100%       1d8       1%          1
b - Searing Ray           Conj           66%        2d6       1%          2
c - Scorch                Fire           42%        2d7       1%          2
d - Conjure Flame         Conj/Fire      27%        6-21      1%          3
e - Mephitic Cloud        Conj/Pois/Air  14%        N/A       5%          3

Your spell library contained the following spells:

 Spells                   Type           Power      Damage    Failure   Level
 Dazzling Flash           Conj/Hex       38%        N/A       3%          3
 Beastly Appendage        Tmut           10%        N/A       4%          1
 Sting                    Tmut/Pois      20%        1d4       4%          1
 Call Imp                 Summ           5%         N/A       6%          2
 Sublimation of Blood     Necr           5%         N/A       6%          2
 Fulminant Prism          Conj/Hex       9%         3d7       12%         4
 Iskenderun's Mystic Bla  Conj/Tloc      19%        2d6       12%         4
 Petrify                  Tmut/Erth      5%         N/A       34%         4
 Irradiate                Conj/Tmut      9%         3d14      30%         5
 Ignition                 Fire           10%        3d5       100%        8
 Fire Storm               Conj/Fire      13%        8d4       100%        9

Inventory:

Hand Weapons
 t - a +1 vorpal war axe
Armour
 a - a +0 robe (worn)
 e - a +0 pair of boots (worn)
Jewellery
 C - a ring of ice
 R - a ring of resist corrosion (right hand)
 Z - a ring of wizardry (left hand)
Scrolls
 b - a scroll of amnesia {unknown}
 c - a scroll of vulnerability {unknown}
 d - 3 scrolls of immolation {unknown}
 f - a scroll of enchant weapon {unknown}
 h - 2 scrolls of torment {unknown}
 j - 2 scrolls of blinking {unknown}
 m - a scroll of teleportation {unknown}
 q - 2 scrolls of poison {unknown}
 s - a scroll of fear {unknown}
Potions
 g - 3 potions of curing {unknown}
 i - 2 potions of brilliance
 k - a potion of lignification {unknown}
 l - a potion of attraction {unknown}
 n - 2 potions of degeneration {unknown}
 o - a potion of heal wounds {unknown}
 p - a potion of berserk rage {unknown}
 r - 2 potions of invisibility {unknown}
 u - a potion of haste {unknown}
 v - 2 potions of mutation {unknown}

Dungeon Overview and Level Annotations

Branches:
Dungeon (5/15)
 Temple: D:4-7

Altars:

####.....######################
#..#.....#................>....
#..#.....#.....................
#..#.....#................(....
#..#.....+.....................
#..#.....###.###....##..##...##
#..##'#....#'###....##..##...##
#.....#....#.........#.........
#.....#....#.†@......#.........
#.....#....#.........#..##...##
#....##....##'##.....#..##.).##
#....#.........#.....#..#....##
#....#.........#.....#..'......
#....#.........###'###..#......
#....#...............#..#.)..##
#....#...............#..#....#.
#....#...............#..###'##.


There were no monsters in sight!


Message History

The scorpion poisons you! The killer bee closely misses you.
Casting: Scorch (safe; 1% risk of failure)
Confirm with . or Enter, or press ? or * to list all spells.
Flames lash the killer bee.
The killer bee is burned terribly!
The killer bee is heavily wounded.
You feel very sick. The killer bee stings you!
* * * LOW HITPOINT WARNING * * *
The scorpion barely misses you. The killer bee closely misses you.
The scorpion misses you.
Casting: Scorch (safe; 1% risk of failure)
Confirm with . or Enter, or press ? or * to list all spells.
Flames lash the killer bee.
The killer bee is burned terribly!
You kill the killer bee!
You feel sick. The scorpion stings you.
* * * LOW HITPOINT WARNING * * *
Your Conjurations skill increases to level 6!
You have reached level 7!
Casting: Scorch (safe; 1% risk of failure)
Confirm with . or Enter, or press ? or * to list all spells.
Flames lash the scorpion.
The scorpion is almost dead.
The scorpion's fire resistance burns away.
You feel sick. The scorpion stings you!
* * * LOW HITPOINT WARNING * * *
Casting: Scorch (safe; 1% risk of failure)
Confirm with . or Enter, or press ? or * to list all spells.
Flames lash the scorpion.
The scorpion is burned terribly!
You kill the scorpion!
You die...

Skill      XL: |  1  2  3  4  5  6 |
---------------+-------------------+-----
Stealth        | 3 4 |  4.4
Dodging        | 3 4 |  4.7
Fire Magic     | 1 2 3 |  3.5
Spellcasting   | 4 |  4.7
Conjurations   | 5 6 |  6.0

Action                   |  1- 3 |  4- 6 |  7- 9 || total
-------------------------+-------+-------+-------++-------
 Cast: Magic Dart        |    84 |    67 |       ||   151
       Searing Ray       |     1 |    18 |       ||    19
       Conjure Flame     |       |     5 |       ||     5
       Scorch            |       |     5 |     2 ||     7
       Mephitic Cloud    |       |     3 |       ||     3
  Use: Potion            |       |     1 |       ||     1
Armor: Robe              |     3 |     4 |       ||     7
Dodge: Dodged            |     5 |    23 |       ||    28

Levels and vault maps discovered:
D:1:      dpeg_arrival_concentric_ovals, layout_basic,
          dilly_ecumenical_altar_fadedgnrine
D:2:      layout_basic
D:3:      layout_basic, serial_bayou_ford_a, serial_bayou_pond_a
D:4:      layout_gridville, kennysheep_minor_cross
D:5:      layout_cave_pools, mainiacjoe_overflow_six_doors_small,
          minmay_temple_entry_wispy, serial_gnoll_camp, gnoll_camp_mini_house,
          gnoll_camp_mini_shop, gnoll_camp_mini_loothouse, grums_kennel,
          dk_vineyard_3, grunt_decor_mini_mirrors, minmay_misc_feat_plants

Notes
Turn   | Place    | Note
-------+----------+-------------------------------------------
     0 | D:1      | kingofthe the Deep Elf Conjurer began the quest for the
                  | Orb.
     0 | D:1      | Reached XP level 1. HP: 10/10 MP: 6/6
    22 | D:1      | Got Sif Muna's Secrets of Conflagration
   296 | D:1      | Reached XP level 2. HP: 15/15 MP: 6/8
   406 | D:1      | Learned a level 2 spell: Searing Ray
   538 | D:1      | Learned a level 2 spell: Scorch
   547 | D:1      | Reached skill level 3 in Stealth
   582 | D:1      | Found a faded altar of an unknown god.
  1055 | D:2      | Reached skill level 3 in Dodging
  1056 | D:2      | Reached XP level 3. HP: 19/19 MP: 6/10
  1572 | D:2      | Got the Handbook of Transmogrification and Combustion
  1688 | D:2      | Reached skill level 1 in Fire Magic
  1982 | D:3      | Learned a level 3 spell: Conjure Flame
  2075 | D:3      | Reached XP level 4. HP: 24/24 MP: 8/11
  2117 | D:3      | Noticed a scorpion
  2124 | D:3      | Killed a scorpion
  2125 | D:3      | Reached skill level 4 in Spellcasting
  2125 | D:3      | Reached skill level 5 in Conjurations
  2542 | D:3      | Reached skill level 2 in Fire Magic
  2542 | D:3      | Reached XP level 5. HP: 28/28 MP: 9/13
  3215 | D:4      | Reached skill level 4 in Dodging
  3215 | D:4      | Reached skill level 4 in Stealth
  3748 | D:4      | Reached XP level 6. HP: 30/32 MP: 8/14
  3809 | D:4      | Learned a level 3 spell: Mephitic Cloud
  4072 | D:4      | Reached skill level 3 in Fire Magic
  4760 | D:5      | Entered Level 5 of the Dungeon
  5007 | D:4      | Reached skill level 6 in Conjurations
  5007 | D:4      | Reached XP level 7. HP: 10/36 MP: 6/16
  5007 | D:4      | HP: 2/36 [scorpion (7)]
  5008 | D:4      | Succumbed to a scorpion's poison

Vanquished Creatures
  An ogre (D:4)
  3 scorpions
  A killer bee (D:4)
  An orc priest (D:5)
  An iguana (D:4)
  2 orc wizards (D:4)
  4 adders
  3 gnolls (D:4)
  3 worms
  4 dart slugs
  16 orcs
  4 ball pythons
  7 bats
  7 endoplasms
  2 giant cockroaches
  5 goblins
  5 hobgoblins
  2 jackals (D:1)
  2 quokkas
  5 frilled lizards
  7 kobolds
  4 rats
89 creatures vanquished.

Vanquished Creatures (others)
  2 plants
2 creatures vanquished.

Grand Total: 91 creatures vanquished

Table legend: (Time is in decaauts)
 A = Elapsed time spent in this place.
 B = Non-inter-level travel time spent in this place.
 C = Inter-level travel time spent in this place.
 D = Time resting spent in this place.
 E = Time spent auto-exploring this place.
 F = Levels seen in this place.
 G = Mean time per level.
                   A        B        C        D        E       F      G
               +--------+--------+--------+--------+--------+-----+--------+
         Total |   5018 |   4853 |    165 |    878 |   3397 |   5 | 1003.6 |
       Dungeon |   5018 |   4853 |    165 |    878 |   3397 |   5 | 1003.6 |
               +--------+--------+--------+--------+--------+-----+--------+

Top non-repeatable levels by time:
     D:4: 1997 daAuts
     D:3: 1052 daAuts
     D:1: 1052 daAuts
     D:2: 786 daAuts
     D:5: 129 daAuts

Table legend:
 A = Non-vault XP
 B = Vault XP
 C = Vault XP percentage of total XP
 D = Non-vault monster count
 E = Vault monster count
 F = Vault count percentage of total count
                 A         B        C        D         E       F
            +---------+---------+-------+---------+---------+-------
      Total |     828 |       0 |   0.0 |      89 |       0 |   0.0
            +---------+---------+-------+---------+---------+-------
        D:1 |      37 |       0 |   0.0 |      24 |       0 |   0.0
        D:2 |      44 |       0 |   0.0 |      15 |       0 |   0.0
        D:3 |     123 |       0 |   0.0 |      14 |       0 |   0.0
        D:4 |     569 |       0 |   0.0 |      31 |       0 |   0.0
        D:5 |      55 |       0 |   0.0 |       5 |       0 |   0.0
            +---------+---------+-------+---------+---------+-------
